 Dungeon Crawl Stone Soup version 0.20-a0-1114-g33edf32 (webtiles) character file.

8250 JeffiDaFish the Blocker (level 11, 0/68 HPs)
             Began as a Gargoyle Fighter on May 6, 2017.
             Was a High Priest of Okawaru.
             Slain by a vampire (6 damage)
             ... on level 1 of the Abyss on May 7, 2017.
             The game lasted 00:29:54 (8550 turns).

JeffiDaFish the Blocker (Gargoyle Fighter)          Turns: 8550, Time: 00:29:55

Health: 0/68       AC: 22    Str: 20    XL:     11   Next: 27%
Magic:  10/11      EV:  5    Int:  7    God:    Okawaru [*****.]
Gold:   592        SH:  0    Dex: 12    Spells: 10/10 levels left

rFire    + . .     SeeInvis .   a - +3 flail (vamp)
rCold    . . .     Gourm    .   p - +0 large shield
rNeg     + . .     Faith    .   y - +0 plate armour
rPois    ∞         Spirit   .   (no helmet)
rElec    +         Reflect  .   c - +1 cloak
rCorr    .         Harm     .   (no gloves)
MR       .....                  h - +0 pair of boots
Stlth    ..........             (no amulet)
Regen    0.7/turn               n - +3 ring of protection
MPRegen  0.2/turn               b - ring of protection from fire

@: confused
A: deformed body, dopey 1, negative energy resistance 1, regeneration 1,
electricity resistance, unbreathing, petrification resistance, rot immunity,
sturdy frame 1, AC +7
a: Heroism, Finesse, Renounce Religion


You were on level 1 of the Abyss.
You worshipped Okawaru.
Okawaru was extremely pleased with you.
You were near starving.

You visited 2 branches of the dungeon, and saw 11 of its levels.
You visited the Abyss 1 time.
You also visited: Ossuary.

You collected 592 gold pieces.

Inventory:

Hand Weapons
 a - a +3 vampiric flail (weapon)
Armour
 c - a +1 cloak (worn)
 h - a +0 pair of boots (worn)
 p - a +0 large shield (worn)
 v - a +0 helmet of see invisible
 y - a +0 plate armour (worn)
Jewellery
 b - a ring of protection from fire (right hand)
 n - a +3 ring of protection (left hand)
Wands
 q - a wand of random effects (0/48)
Scrolls
 e - a scroll of fog
 i - 3 scrolls of magic mapping
 k - 6 scrolls of identify
 m - a scroll of teleportation
 s - 4 scrolls of remove curse
Potions
 d - 2 potions of flight
 j - a potion of heal wounds
 l - a potion of brilliance
 o - a potion of invisibility
 t - 2 potions of resistance
 u - 5 potions of curing
 z - a potion of cancellation
Comestibles
 f - 11 bread rations
 g - 9 meat rations
 r - 2 royal jellies
 w - 2 fruits


   Skills:
 + Level 7.9 Fighting
 + Level 10.6 Maces & Flails
 + Level 6.9 Armour
 + Level 2.8 Dodging
 + Level 1.6 Stealth
 + Level 11.0 Shields
 + Level 0.3 Evocations


You had 10 spell levels left.
You didn't know any spells.

Dungeon Overview and Level Annotations

Branches:
Dungeon (10/15)            Temple (1/1) D:5            Lair (0/6) D:10
    Orc: D:9-12

Altars:
Ashenzari
Cheibriados
Dithmenos
Elyvilon
Fedhas
Gozag
Hepliaklqana
Kikubaaqudgha
Makhleb
Okawaru
Qazlal
Ru
Sif Muna
Trog
Uskayaw
Vehumet
Xom
Yredelemnul
The Shining One

Shops:
D:4 (*!!

Annotations:
D:10 Sonja


Innate Abilities, Weirdness & Mutations

You are resistant to torment.
Your stone body is resilient. (AC +7)
You are immune to poison.
You resist negative energy. (rN+)
You are resistant to electric shocks. (rElec)
You can survive without breathing.
You are immune to petrification.
You are immune to rotting.
Armour fits poorly on your strangely shaped body.
You are dopey. (Int -2)
Your natural rate of healing is unusually fast.
Your movements are slightly less encumbered by armour. (ER -2)


Message History

You're too confused to move!
You feel like a meek peon again.
The blink frog hits you but does no damage.
You hear some strange, mumbled words.
You are more confused.
The bone dragon bites you!
* * * LOW HITPOINT WARNING * * *
The bone dragon claws you but does no damage.
The bone dragon tramples you but does no damage.
A ynoxinul comes into view.
The ynoxinul bellows!
The blink frog hits you!
* * * LOW HITPOINT WARNING * * *
You bump into the rock wall.
Something hits you.
* * * LOW HITPOINT WARNING * * *
Something bites you but does no damage.
You're too confused to move!
Something hits you.
* * * LOW HITPOINT WARNING * * *
Something bites you.
You die...

. ....#.....# .##.
#...#.#..#..#..#
#....##.# .#.
#...##.#.†...... .
#...#.#####D.####.
##....##.###....# .
...##.............. ....
#........DF.............
#...##..#@##..... ...
..#. #..#.#. ...... . .
......#.........#
......3##..... .
...(..#..#. ........
.......... . .# ## ....
. .#... .


You could see a bone dragon, a blink frog and a ynoxinul.

Vanquished Creatures
  A thrashing horror (Abyss:1)
  The ghost of ojifijod the Basher, a novice OgGl of Okawaru (D:7)
  3 trolls
  3 blink frogs (Abyss:1)
  Prince Ribbit (D:7)
  2 hippogriffs
  A wraith (D:9)
  A spriggan (D:8)
  4 fire bats (Abyss:1)
  Sigmund (D:3)
  A steam dragon (D:8)
  A hungry ghost (Abyss:1)
  A sky beast (D:6)
  An ice beast (D:7)
  An orc warrior (D:8)
  A black bear (D:10)
  3 ogres
  3 centaurs
  10 bullfrogs
  A big kobold (D:9)
  A wyvern skeleton (D:9)
  4 scorpions
  10 killer bees (D:9)
  2 electric eels (D:10)
  A howler monkey (D:6)
  4 crimson imps
  2 quasits
  4 hounds
  2 jellies
  3 orc priests
  A bullfrog skeleton (D:9)
  3 centaur skeletons
  A gnoll shaman (D:4)
  2 iguanas
  4 worker ants
  9 orc wizards
  A killer bee zombie (D:5)
  The ghost of Heathenbot the Charmwright, a weakling BaSk (D:4)
  2 hound zombies
  3 hound skeletons
  11 mummies (Ossuary)
  4 gnolls (D:4)
  8 adders
  2 oozes
  2 adder zombies (D:6)
  A dart slug (D:4)
  4 leopard geckos
  37 orcs
  8 bats
  3 giant cockroaches
  7 goblins
  10 hobgoblins
  14 jackals
  A quokka (D:6)
  2 ball pythons
  3 frilled lizards
  A gnoll skeleton (Ossuary)
  3 goblin skeletons (Ossuary)
  A jackal skeleton (D:9)
  13 kobolds
  2 kobold skeletons (Ossuary)
  A leopard gecko zombie (D:5)
  2 orc skeletons (Ossuary)
  11 rats
  11 rat skeletons (Ossuary)
263 creatures vanquished.

Vanquished Creatures (collateral kills)
  2 mummies (Ossuary)
2 creatures vanquished.

Vanquished Creatures (others)
  An orc (D:8)
  A ball python (D:5)
  A quokka (D:9)
  2 plants (D:10)
5 creatures vanquished.

Grand Total: 270 creatures vanquished

Notes
Turn   | Place    | Note
-------+----------+-------------------------------------------
     0 | D:1      | JeffiDaFish the Gargoyle Fighter began the quest for the Orb.
     0 | D:1      | Reached XP level 1. HP: 14/14 MP: 1/1
    95 | D:1      | Reached XP level 2. HP: 19/19 MP: 2/2
   428 | D:1      | Reached XP level 3. HP: 23/23 MP: 3/3
  1411 | D:3      | Reached XP level 4. HP: 29/29 MP: 4/4
  1436 | D:3      | Reached skill level 4 in Shields
  1515 | D:3      | Noticed Sigmund
  1529 | D:3      | Killed Sigmund
  1529 | D:3      | Reached skill level 1 in Dodging
  1529 | D:3      | Reached XP level 5. HP: 26/33 MP: 5/5
  1529 | D:3      | Reached XP level 6. HP: 30/38 MP: 6/6
  2068 | D:3      | Reached skill level 5 in Shields
  2464 | D:4      | Found Modwaacu's Distillery.
  2487 | D:4      | Reached XP level 7. HP: 43/43 MP: 7/7
  2520 | D:4      | Found Hejih's Weapon Shoppe.
  2665 | D:4      | Reached skill level 5 in Maces & Flails
  2702 | D:4      | Noticed Heathenbot's ghost (weakling BaSk)
  2709 | D:4      | Killed Heathenbot's ghost
  2809 | D:4      | Found Zugro's Assorted Antiques.
  2884 | D:4      | Reached skill level 6 in Shields
  3049 | D:4      | Found a glowing golden altar of the Shining One.
  3087 | D:4      | Found Pilaff's Distillery.
  3121 | D:4      | Found a burning altar of Makhleb.
  3322 | D:5      | Entered Level 5 of the Dungeon
  3457 | D:5      | Found a staircase to the Ecumenical Temple.
  3466 | Temple   | Entered the Ecumenical Temple
  3480 | Temple   | Became a worshipper of Warmaster Okawaru
  3850 | D:5      | Found an ancient bone altar of Kikubaaqudgha.
  4142 | D:6      | Noticed a troll
  4150 | D:6      | Killed a troll
  4150 | D:6      | Reached XP level 8. HP: 28/48 MP: 8/8
  4157 | D:6      | Reached skill level 1 in Stealth
  4312 | D:6      | Found a sand-covered staircase.
  4321 | Ossuary  | Entered an ossuary
  4335 | Ossuary  | Reached skill level 7 in Shields
  4505 | Ossuary  | Reached * piety under Okawaru
  4632 | Ossuary  | Reached skill level 5 in Fighting
  4636 | Ossuary  | Gained mutation: You are dopey. (Int -2) [potion of mutation]
  4636 | Ossuary  | Gained mutation: Your natural rate of healing is unusually fast. [potion of mutation]
  4636 | Ossuary  | Gained mutation: Armour fits poorly on your strangely shaped body. [potion of mutation]
  4636 | Ossuary  | Gained mutation: Your movements are slightly less encumbered by armour. (ER -2) [potion of mutation]
  4999 | D:6      | Found a bloodstained altar of Trog.
  4999 | D:6      | Found a shattered altar of Ashenzari.
  5004 | D:6      | Found a hazy altar of Hepliaklqana.
  5006 | D:6      | Found a faded altar of an unknown god.
  5008 | D:6      | Found a stormy altar of Qazlal.
  5039 | D:6      | Reached XP level 9. HP: 54/54 MP: 9/9
  5905 | D:7      | Reached ** piety under Okawaru
  5905 | D:7      | Reached skill level 5 in Armour
  5916 | D:7      | Reached skill level 8 in Shields
  5980 | D:7      | Noticed Prince Ribbit
  6091 | D:7      | Killed Prince Ribbit
  6340 | D:7      | Noticed ojifijod's ghost (novice OgGl)
  6366 | D:7      | Killed ojifijod's ghost
  6366 | D:7      | Reached *** piety under Okawaru
  6538 | D:8      | Reached XP level 10. HP: 61/61 MP: 10/10
  6666 | D:8      | Found a shadowy altar of Dithmenos.
  6889 | D:8      | Reached skill level 9 in Shields
  6906 | D:8      | Reached **** piety under Okawaru
  7205 | D:9      | Found a white marble altar of Elyvilon.
  7695 | D:9      | Reached skill level 10 in Maces & Flails
  7819 | D:9      | Reached ***** piety under Okawaru
  7857 | D:9      | Reached skill level 10 in Shields
  8061 | D:10     | Entered Level 10 of the Dungeon
  8097 | D:10     | Found a shattered altar of Ashenzari.
  8185 | D:10     | Noticed Sonja
  8299 | D:10     | Found a staircase to the Lair.
  8359 | D:10     | Reached XP level 11. HP: 67/67 MP: 11/11
  8393 | D:10     | Cast into level 1 of the Abyss (Sonja)
  8397 | Abyss:1  | Noticed a thrashing horror
  8436 | Abyss:1  | Killed a thrashing horror
  8450 | Abyss:1  | Received a gift from Okawaru
  8507 | Abyss:1  | Reached skill level 11 in Shields
  8520 | Abyss:1  | Noticed a bone dragon
  8550 | Abyss:1  | Slain by a vampire

Vault maps used:
D:1:      minmay_arrival_four_circles
D:2:      minmay_tromino_v2
D:3:      first_bread, minmay_misc_feat_hallway, uniq_sigmund
D:4:      old_standard_altar, makhleb_grotto_becter, serial_shops,
          nicolae_shop_temple_entry_statues_fountains, shop, shop, shop
D:5:      old_standard_altar, lemuel_temple_firewalk_a
D:6:      chequers_temple_overflow_minitemple, enter_ossuary_1
D:7:      uniq_prince_ribbit1
D:8:      nicolae_dithmenos_shadow_blocks, the_bakery
D:9:      elyvilon_altar_4, minmay_misc_feat_chi
D:10:     statuecave_lemuel, david_lair_shrubbed, orc_0_dummy, basic_altar,
          serial_bayou_pond_c, uniq_sonja
Temple:   cyrus_circular_temple
Ossuary:  ossuary_due_small_catacomb

Skill      XL: |  1  2  3  4  5  6  7  8  9 10 11 |
---------------+----------------------------------+-----
Maces & Flails | 4 6 7 9 10 | 10.6
Shields        | 4 5 6 7 8 10 11 | 11.0
Fighting       | 4 5 6 7 |  7.9
Dodging        | 1 2 |  2.8
Armour         | 4 5 6 |  6.9
Stealth        | 1 |  1.6
Evocations     | |  0.3

Action                   |  1- 3 |  4- 6 |  7- 9 | 10-12 || total
-------------------------+-------+-------+-------+-------++-------
Melee: Flail             |   200 |   154 |   587 |   432 ||  1373
Invok: Heroism           |       |       |       |     1 ||     1
Evoke: Wand              |       |       |       |     6 ||     6
  Use: Potion            |     5 |     2 |    10 |     3 ||    20
       Scroll            |     5 |     1 |    11 |     5 ||    22
  Eat: Chunk             |     2 |     3 |    13 |     7 ||    25
       Royal jelly       |       |       |     1 |       ||     1
Armor: Scale mail        |    45 |       |       |       ||    45
       Chain mail        |    86 |    94 |   293 |    21 ||   494
       Plate armour      |       |       |       |   249 ||   249
Dodge: Dodged            |    58 |    20 |    91 |    79 ||   248
Block: Shield            |   117 |    31 |       |       ||   148
       Large shield      |       |    85 |   467 |   487 ||  1039
